 Dungeon Crawl Stone Soup version 0.27.0-1-g7a089689b8 (webtiles) character file.

Game seed: 8843731054373159716

308 gimp the Ducker (level 6, -5/35 HPs)
             Began as a Tengu Warper on Aug 11, 2021.
             Killed from afar by an orc wizard (7 damage)
             ... with a magic dart
             ... on level 6 of the Dungeon.
             The game lasted 00:04:06 (2000 turns).

gimp the Ducker (Tengu Warper)                      Turns: 2000, Time: 00:04:07

Health: -5/35      AC:  3    Str: 12    XL:     6   Next: 40%
Magic:  10/10      EV: 16    Int: 15    God:
Gold:   44         SH:  0    Dex: 13    Spells: 9/9 levels left

rFire    . . .     SeeInvis +   e - +2 dagger (elec)
rCold    . . .     Faith    .   (no shield)
rNeg     . . .     Spirit   .   b - +0 leather armour
rPois    .         Reflect  .   (helmet restricted)
rElec    .         Harm     .   (no cloak)
rCorr    .         Rampage  .   (no gloves)
Will     .....                  (boots unavailable)
Stlth    +.........             (no amulet)
HPRegen  0.11/turn              j - ring of see invisible
MPRegen  0.12/turn              (no ring)

@: mighty, flying quickly and evasively, quick
A: beak, talons 3, nimble flight
a: no special abilities


You were on level 6 of the Dungeon.
You visited 1 branch of the dungeon, and saw 4 of its levels.

You collected 44 gold pieces.

Inventory:

Hand Weapons
 a - a +0 short sword
 e - a +2 dagger of electrocution (weapon)
Missiles
 d - 5 boomerangs of dispersal (quivered)
Armour
 b - a +0 leather armour (worn)
Magical Staves
 k - a staff of cold
Jewellery
 i - a ring of fire
 j - a ring of see invisible (left hand)
Scrolls
 c - 2 scrolls of blinking
 f - a scroll of identify {unknown}
 g - a scroll of immolation {unknown}
 h - a scroll of magic mapping {unknown}
 l - a scroll of enchant weapon {unknown}


   Skills:
 - Level 2.0 Fighting
 + Level 5.3 Short Blades
 - Level 1.0 Throwing
 - Level 1.1 Armour
 + Level 5.3 Dodging
 - Level 2.0 Spellcasting
 - Level 2.4 Translocations


You had 9 spell levels left.
You didn't know any spells.
Your spell library contained the following spells:

 Spells                   Type           Power      Damage    Failure   Level
 Blink                    Tloc           N/A        N/A       16%         2
 Gell's Gravitas          Tloc           4%         N/A       32%         3
 Lesser Beckoning         Tloc           4%         N/A       32%         3
 Teleport Other           Tloc           8%         N/A       32%         3
 Portal Projectile        Hex/Tloc       10%        N/A       45%         3
 Call Canine Familiar     Summ           1%         N/A       63%         3
 Leda's Liquefaction      Hex/Erth       0%         N/A       95%         4
 Manifold Assault         Tloc           8%         N/A       96%         5


Dungeon Overview and Level Annotations

Branches:
Dungeon (3/15)

Altars:

Annotations:
D:2 Sigmund


Innate Abilities, Weirdness & Mutations

You have a beak for a mouth.
You have claws for feet.
Your magical nature lets you fly swiftly and evasively.


Message History

It was a potion of might.
You feel very mighty all of a sudden.
The orc priest invokes the aid of Beogh against you.
Pain shoots through your body!
You take 5 damage, and have 13/35 hp.
You puncture the orc wizard! You claw the orc wizard.
The orc wizard is almost dead.
You closely miss the orc priest. You claw the orc priest!
You peck the orc priest!
You kill the orc priest!
Your Short Blades skill increases to level 5!
Your Dodging skill increases to level 5!
You puncture the orc wizard!
Lightning courses through the orc wizard!
You kill the orc wizard!
An orc, an orc wizard and a howler monkey come into view.
The orc wizard is wielding a +2 dagger of draining.
The orc is wielding a +2 falchion of holy wrath.
The orc wizard shouts!
The orc shouts!
You hear a shout!
The orc wizard barely misses you.
An orc comes into view. It is wielding a +0 club.
Things that are here:
a +0 dagger; a +0 robe; a hound corpse You hit the orc wizard.
Your kick misses the orc wizard.
The orc wizard is almost dead.
An orc comes into view. It is wielding a +0 dagger.
The orc wizard completely misses you.
You puncture the orc wizard!
Lightning courses through the orc wizard!
You kill the orc wizard!
The orc wizard gestures at you while chanting.
The magic dart hits you!
* * * LOW HITPOINT WARNING * * *
You take 7 damage, and have 6/35 hp.
The orc wizard gestures at you while chanting.
The puff of flame hits you.
* * * LOW HITPOINT WARNING * * *
You take 5 damage, and have 2/35 hp.
The orc wizard gestures at you while chanting.
The magic dart hits you!
You die...

### #####
#.############.#.#
#.................
#####.############.#.#
#.................†...
#.###..#####.......#.#
#.##.@.# .#######.#
###.##.#.# #.#
#......#.#### .#######.#
#..)....................
###).....#####.........#
#oo).#...# .........#
#o##.....# ..........
#....oh...[...#
.........#
#...........#..#
..........


You could see a howler monkey, an orc wizard and 3 orcs.

Vanquished Creatures
  2 scorpions
  An orc priest (D:6)
  2 hounds (D:6)
  2 orc wizards (D:6)
  An adder (D:2)
  A worm (D:2)
  2 dart slugs (D:1)
  A ball python (D:1)
  5 endoplasms
  2 giant cockroaches
  3 goblins
  5 hobgoblins
  3 jackals (D:1)
  A kobold (D:2)
  2 quokkas (D:1)
  2 bats
  3 frilled lizards
  3 rats
41 creatures vanquished.

Vanquished Creatures (others)
  2 fungi (D:1)
  2 plants (D:1)
4 creatures vanquished.

Grand Total: 45 creatures vanquished

Notes
Turn   | Place    | Note
-------+----------+-------------------------------------------
     0 | D:1      | gimp the Tengu Warper began the quest for the Orb.
     0 | D:1      | Reached XP level 1. HP: 12/12 MP: 4/4
   297 | D:1      | Reached XP level 2. HP: 11/17 MP: 6/6
   552 | D:1      | Reached XP level 3. HP: 21/21 MP: 7/7
   564 | D:1      | Found a faded altar of an unknown god.
   827 | D:2      | Noticed a scorpion
   831 | D:1      | Killed a scorpion
   832 | D:1      | Reached XP level 4. HP: 11/26 MP: 8/8
  1155 | D:2      | Noticed Sigmund
  1642 | D:2      | Gained mutation: Your magical nature lets you fly swiftly
                  | and evasively. [Tengu growth]
  1642 | D:2      | Reached XP level 5. HP: 24/30 MP: 9/9
  1898 | D:3      | You are sucked into a shaft and drop 3 floors!
  1985 | D:6      | Reached XP level 6. HP: 26/35 MP: 10/10
  1993 | D:6      | Reached skill level 5 in Short Blades
  1993 | D:6      | Reached skill level 5 in Dodging
  2000 | D:6      | Killed from afar by an orc wizard

Illustrated notes

Levels and vault maps discovered:
D:1:      eino_arrival_water_cross, layout_basic,
          dreamdust_ecumenical_altar_hidden_monk_grotto
D:2:      layout_loops_ring, uniq_sigmund
D:3:      layout_basic, uniq_grinder
D:6:      layout_basic, good_gods_mini_temple, mainiacjoe_overflow_alcove_1,
          gammafunk_temple_overflow_elements, roderic_lattice_a

Skill      XL: |  1  2  3  4  5  6 |
---------------+-------------------+-----
Short Blades   | 3 4 5 |  5.3
Dodging        | 3 4 5 |  5.3
Fighting       | |  2.0
Throwing       | |  1.0
Armour         | |  1.1
Spellcasting   | |  2.0
Translocations | |  2.4

Action                   |  1- 3 |  4- 6 || total
-------------------------+-------+-------++-------
Melee: Dagger            |    44 |    41 ||    85
       Kick              |    11 |    11 ||    22
       Peck              |     4 |     5 ||     9
  Use: Potion            |       |     1 ||     1
 Stab: Distracted        |       |     1 ||     1
Armor: Leather armour    |     9 |     3 ||    12
Dodge: Dodged            |    13 |    18 ||    31
